 Dungeon Crawl Stone Soup version 0.21.1-1-g345015f (webtiles) character file.

15 tidbits the Thaumaturge (level 2, 8/20 HPs)
             Began as a Gnoll Wanderer on June 9, 2018.
             Quit the game on level 1 of the Dungeon.
             The game lasted 00:02:26 (197 turns).

tidbits the Thaumaturge (Gnoll Wanderer)             Turns: 197, Time: 00:02:27

Health: 8/20       AC:  5    Str: 12    XL:     2   Next: 50%
Magic:  3/12       EV: 11    Int: 15    God:
Gold:   43         SH:  0    Dex: 15    Spells: 17/19 levels left

rFire    . . .     SeeInvis .   i - -3 short sword (curse)
rCold    . . .     Gourm    .   (no shield)
rNeg     . . .     Faith    .   e - +0 robe
rPois    .         Spirit   .   E - +2 helmet
rElec    .         Reflect  .   (no cloak)
rCorr    .         Harm     .   (no gloves)
MR       .....                  (no boots)
Stlth    ++........             (no amulet)
HPRegen  0.06/turn              (no ring)
MPRegen  0.13/turn              (no ring)

@: no status effects
A: distributed training, fangs 1, strong nose
a: no special abilities


You were on level 1 of the Dungeon.
You were not hungry.

You visited 1 branch of the dungeon, and saw 2 of its levels.

You collected 43 gold pieces.

Inventory:

Hand Weapons
 b - a +2 blowgun
 g - a +0 club
 i - a cursed -3 short sword (weapon)
Missiles
 a - a curare-tipped needle
Armour
 e - a +0 robe (worn)
 E - a +2 helmet (worn)
Jewellery
 k - an uncursed amulet of inaccuracy
   (You found it on level 1 of the Dungeon)
Scrolls
 h - a scroll of immolation
 j - a scroll of identify
Books
 c - the Disquisition on the Blaze

   Spells                             Type                      Level
   a - Flame Tongue                   Conjuration/Fire             1
   b - Conjure Flame                  Conjuration/Fire             3
 d - the Papyrus of Evil

   Spells                             Type                      Level
   a - Animate Skeleton               Necromancy                   1
   b - Regeneration                   Charms/Necromancy            3
Comestibles
 f - 3 rations


   Skills:
 + Level 0.4 Fighting
 + Level 0.4 Short Blades
 + Level 0.4 Long Blades
 + Level 0.4 Axes
 + Level 0.4 Maces & Flails
 + Level 0.4 Polearms
 + Level 0.4 Staves
 + Level 0.4 Slings
 + Level 0.4 Bows
 + Level 0.4 Crossbows
 + Level 2.5 Throwing
 + Level 0.4 Armour
 + Level 0.4 Dodging
 + Level 0.4 Stealth
 + Level 0.4 Shields
 + Level 0.4 Unarmed Combat
 + Level 9.2 Spellcasting
 + Level 0.2 Conjurations
 + Level 0.2 Hexes
 + Level 2.0 Charms
 + Level 0.2 Summonings
 + Level 3.7 Necromancy
 + Level 0.2 Translocations
 + Level 2.0 Transmutations
 + Level 0.2 Fire Magic
 + Level 0.2 Ice Magic
 + Level 0.2 Air Magic
 + Level 0.2 Earth Magic
 + Level 0.2 Poison Magic
 + Level 0.5 Invocations
 + Level 2.5 Evocations


You had 17 spell levels left.
You knew the following spells:

 Your Spells              Type           Power        Failure   Level  Hunger
a - Flame Tongue          Conj/Fire      #....        10%         1    None
n - Animate Skeleton      Necr           N/A          2%          1    None


Dungeon Overview and Level Annotations

Branches:
Dungeon (2/15)

Altars:


Innate Abilities, Weirdness & Mutations

Your experience applies equally to all skills.
You have very sharp teeth.
Your uncanny sense of smell can sniff out nearby items.


Message History

Confirm with . or Enter, or press ? or * to list all spells.
Aiming: Flame Tongue
Press: ? - help, Shift-Dir - straight line, f - jackal
Aim: a jackal The flame tongue hits the jackal.
The jackal is severely wounded.
The jackal misses you.
Casting: Flame Tongue
Confirm with . or Enter, or press ? or * to list all spells.
Aiming: Flame Tongue
Press: ? - help, Shift-Dir - straight line, f/p - jackal
Aim: a jackal (severely wounded)
The flame tongue hits the jackal.
The jackal appears unharmed.
The jackal is severely wounded.
The jackal bites you. x2
Casting: Flame Tongue
Confirm with . or Enter, or press ? or * to list all spells.
Aiming: Flame Tongue
Press: ? - help, Shift-Dir - straight line, f/p - jackal
Aim: a jackal (severely wounded)
The flame tongue hits the jackal.
You kill the jackal!
The jackal barely misses you.
Casting: Flame Tongue
Confirm with . or Enter, or press ? or * to list all spells.
Aiming: Flame Tongue
Press: ? - help, Shift-Dir - straight line, f - jackal
Aim: a jackal You miscast Flame Tongue.
Sparks fly from your hands!
The jackal bites you but does no damage.
The jackal barely misses you.
Casting: Flame Tongue
Confirm with . or Enter, or press ? or * to list all spells.
Aiming: Flame Tongue
Press: ? - help, Shift-Dir - straight line, f/p - jackal
Aim: a jackal The flame tongue hits the jackal.
The jackal is severely wounded.
The jackal closely misses you.
A goblin comes into view.
Casting: Flame Tongue
Confirm with . or Enter, or press ? or * to list all spells.
Aiming: Flame Tongue
Press: ? - help, Shift-Dir - straight line, f/p - jackal
Aim: a jackal (severely wounded)
The flame tongue hits the jackal.
You kill the jackal!
The goblin shouts!
An ooze comes into view.
You see here a scroll labeled EVANYOWNID.
j - 2 scrolls labeled EVANYOWNID (gained 1)
As you read the scroll labeled EVANYOWNID, it crumbles to dust.
It is a scroll of identify.
h - a scroll of immolation The goblin misses you.
Casting: Flame Tongue
Confirm with . or Enter, or press ? or * to list all spells.
Aiming: Flame Tongue
Press: ? - help, Shift-Dir - straight line, f - goblin
Aim: a goblin The flame tongue hits the goblin.
You kill the goblin!
Wield which item (- for none, * to show all)? (? for menu, Esc to quit)
Okay, then.
The ooze hits you but does no damage. The ooze barely misses you.
The ooze hits you but does no damage.
You see here a triangular filigree amulet.
k - a triangular filigree amulet The ooze hits you but does no damage.
Put on which piece of jewellery? (? for menu, Esc to quit)
Oops, that amulet feels deathly cold.
k - a cursed amulet of inaccuracy (around neck)
The ooze hits you.
As you read the scroll labeled CODE TOTSO, it crumbles to dust.
You feel as if something is helping you.
It was a scroll of remove curse.
The ooze hits you.
* * * LOW HITPOINT WARNING * * *
You remove your amulet of inaccuracy.
The ooze closely misses you.
Found an embroidered scarf.
You see here a short sword.
i - a short sword The ooze misses you.
Your magical contamination has completely faded away.
You see here 10 gold pieces.
You now have 43 gold pieces (gained 10).
The ooze hits you.
* * * LOW HITPOINT WARNING * * *
Wield which item (- for none, * to show all)? (? for menu, Esc to quit)
It sticks to your hand!
i - a cursed -3 short sword (weapon)
You hit the ooze but do no damage. The ooze hits you.
* * * LOW HITPOINT WARNING * * *
You hit the ooze.
The ooze is lightly wounded.
The ooze closely misses you.
Okay, then.
Are you sure you want to abandon this character and quit the game? (Confirm with "yes".)

#.# #######
#)###.....# ..
#>..'.....+ ..
#.###.....# ..)
###.###.....# ....
#...........##....
#.......#....)...#
#.......#....†...#
#@J.....#........#
###.......##....####
#.........##....#
#[..............#
#....#######....# ##
..#####
#.........##. ##.
#.........##. #
#.........##.
#.........##.


You could see an ooze.

Vanquished Creatures
  A leopard gecko (D:1)
  A giant cockroach (D:1)
  2 goblins (D:1)
  A hobgoblin (D:1)
  2 jackals (D:1)
  2 kobolds (D:1)
  2 bats (D:1)
  A rat (D:1)
12 creatures vanquished.

Notes
Turn   | Place    | Note
-------+----------+-------------------------------------------
     0 | D:1      | Reached skill level 9 in Spellcasting
     0 | D:1      | tidbits the Gnoll Wanderer began the quest for the Orb.
     0 | D:1      | tidbits set off with: a curare-tipped needle, a +2 blowgun, the Disquisition on the Blaze, the Papyrus of Evil, a +0 robe, a ration
     0 | D:1      | Reached XP level 1. HP: 13/13 MP: 10/10
     0 | D:1      | Identified the Disquisition on the Blaze
     0 | D:1      | Identified the Papyrus of Evil
     2 | D:1      | Learned a level 1 spell: Animate Skeleton
     4 | D:1      | Learned a level 1 spell: Flame Tongue
     5 | D:1      | Noticed an electric eel
    77 | D:1      | Reached skill level 2 in Charms
    77 | D:1      | Reached skill level 2 in Transmutations
   104 | D:1      | Reached XP level 2. HP: 16/19 MP: 3/12
   197 | D:1      | Quit the game

Skill      XL: |  1 |
---------------+----+-----
Spellcasting   | |  9.2
Charms         | 2 |  2.0
Transmutations | 2 |  2.0
Fighting       | |  0.4
Short Blades   | |  0.4
Long Blades    | |  0.4
Axes           | |  0.4
Maces & Flails | |  0.4
Polearms       | |  0.4
Staves         | |  0.4
Slings         | |  0.4
Bows           | |  0.4
Crossbows      | |  0.4
Throwing       | |  2.5
Armour         | |  0.4
Dodging        | |  0.4
Stealth        | |  0.4
Shields        | |  0.4
Unarmed Combat | |  0.4
Conjurations   | |  0.2
Hexes          | |  0.2
Summonings     | |  0.2
Necromancy     | |  3.7
Translocations | |  0.2
Fire Magic     | |  0.2
Ice Magic      | |  0.2
Air Magic      | |  0.2
Earth Magic    | |  0.2
Poison Magic   | |  0.2
Invocations    | |  0.5
Evocations     | |  2.5

Action                   || total
-------------------------++-------
Melee: Short sword       ||     2
 Cast: Flame Tongue      ||    21
  Use: Scroll            ||     2
Armor: Robe              ||     7
Dodge: Dodged            ||    12

Table legend:
 A = Turns spent in this place as a percentage of turns spent in the entire game.
 B = Non-inter-level travel turns spent in this place as a percentage of non-inter-level travel turns spent in the entire game.
 C = Inter-level travel turns spent in this place as a percentage of turns spent in this place.
 D = Turns resting spent in this place as a percentage of non-inter-level travel turns spent in this place.
 E = Turns spent auto-exploring this place as a percentage of non-inter-level travel turns spent in this place.
 F = Non-inter-level travel turns spent in this place divided by the number of levels of this place that you've seen.
                   A       B       C       D       E      F
               +-------+-------+-------+-------+-------+----------------------
         Total | 100.0 | 100.0 |   0.0 |   0.0 |   0.0 |  98.5
       Dungeon | 100.0 | 100.0 |   0.0 |   0.0 |   0.0 |  98.5
               +-------+-------+-------+-------+-------+----------------------

Table legend:
 A = Kills in this place as a percentage of kills in entire the game.
 B = Kills by you in this place as a percentage of kills by you in the entire game.
 C = Kills by friends in this place as a percentage of kills by friends in the entire game.
 D = Other kills in this place as a percentage of other kills in the entire game.
 E = Experience gained in this place as a percentage of experience gained in the entire game.
 F = Experience gained in this place divided by the number of levels of this place that you have seen.
                   A       B       C       D       E      F
               +-------+-------+-------+-------+-------+----------------------
         Total | 100.0 | 100.0 |   N/A |   N/A | 100.0 |  11.0
       Dungeon | 100.0 | 100.0 |   N/A |   N/A | 100.0 |  11.0
               +-------+-------+-------+-------+-------+----------------------

Vault maps used:
D:1:      arrival_aquarium_a, minmay_misc_feat_rugged
D:2:      lemuel_old_faithful, uniq_crazy_yiuf_cottage
